 Dungeon Sprint DCSS version 0.21-a0-104-g7b58145 (webtiles) character file.

105 Kidiri the Sneak (level 4, -2/23 HPs)
             Began as a Spriggan Enchanter on July 5, 2017.
             Slain by a hippogriff (5 damage)
             ... in the Dungeon (Sprint II: "The Violet Keep of Menkaure").
             The game lasted 00:01:50 (370 turns).

Kidiri the Sneak (Spriggan Enchanter)                Turns: 370, Time: 00:01:51

Health: -2/23      AC:  2    Str:  4    XL:     4   Next: 54%
Magic:  8/12       EV: 22    Int: 16    God:
Gold:   486        SH:  0    Dex: 17    Spells: 1/13 levels left

rFire    . . .     SeeInvis +   a - +1 dagger
rCold    . . .     Gourm    .   (shield restricted)
rNeg     . . .     Faith    .   b - +0 robe
rPois    .         Spirit   .   (helmet restricted)
rElec    .         Reflect  .   (no cloak)
rCorr    .         Harm     .   (gloves unavailable)
MR       .....     NoTele   +   (boots unavailable)
Stlth    ++++......             (no amulet)
HPRegen  0.07/turn              (no ring)
MPRegen  0.13/turn              (no ring)

@: very quick
A: unfitting armour, see invisible, herbivore 3, speed 3, slow metabolism 2
a: no special abilities


You were in the Dungeon.
You were not hungry.

You visited 1 branch You collected 486 gold pieces.

Inventory:

Hand Weapons
 a - a +1 dagger (weapon)
Armour
 b - a +0 robe (worn)
Scrolls
 j - a scroll of blinking
Potions
 e - a potion of curing
 f - a potion of heal wounds
 g - a potion of haste
 h - 2 potions of magic
Books
 c - a book of Maledictions

   Spells                             Type                      Level
   a - Corona                         Hexes                        1
   b - Ensorcelled Hibernation        Hexes/Ice                    2
   c - Confuse                        Hexes                        3
   d - Tukima's Dance                 Hexes                        3
   e - Dazzling Spray                 Conjuration/Hexes            3
Comestibles
 d - a bread ration


   Skills:
 + Level 1.9 Fighting
 * Level 4.2 Short Blades
 + Level 1.7 Armour
 * Level 6.2 Dodging
 * Level 7.5 Stealth
 * Level 5.1 Spellcasting
 + Level 0.4 Conjurations
 + Level 4.8 Hexes


You had one spell level left.
You knew the following spells:

 Your Spells              Type           Power        Failure   Level  Hunger
a - Corona                Hex            ###....      1%          1    None
b - Ensorcelled Hibernat  Hex/Ice        ##....       9%          2    #......
c - Confuse               Hex            ###.....     6%          3    ###....
d - Tukima's Dance        Hex            ###.....     6%          3    ###....
e - Dazzling Spray        Conj/Hex       ##....       16%         3    ###....


Dungeon Overview and Level Annotations

Branches:
Dungeon (1/1)

Altars:


Innate Abilities, Weirdness & Mutations

You are very small and have problems with some larger weapons.
You are too small for most types of armour.
You have supernaturally acute eyesight. (SInv)
You are a herbivore.
You cover ground extremely quickly.
You need consume almost no food.


Message History

Aiming: Ensorcelled Hibernation
Press: ? - help, Shift-Dir - straight line, f - hippogriff
Aim: a hippogriff (chance to defeat MR: 37%)
The hippogriff easily resists.
The hippogriff barely misses you. The hippogriff pecks you!
The hippogriff claws you.
* * * LOW HITPOINT WARNING * * *
Unknown command.
There is a staircase leading out of the dungeon here.
Casting: Ensorcelled Hibernation
Confirm with . or Enter, or press ? or * to list all spells.
Aiming: Ensorcelled Hibernation
Press: ? - help, Shift-Dir - straight line, f/p - hippogriff
Aim: a hippogriff (chance to defeat MR: 37%)
The hippogriff looks drowsy...
Unknown command.
The helpless hippogriff fails to defend itself.
You skewer the hippogriff like a kebab!!!
The hippogriff is almost dead.
The hippogriff completely misses you. The hippogriff pecks you.
You die...

## ## ##. .##
nn nn ### .#.
###
#%###+###.#
###.##.##..##
+.##+.@.+##.+
#...##H##..##
##.###H###†#
####.#.####
#.###.# ## ##


You could see 2 hippogriffs.

Vanquished Creatures
  4 worker ants (D)
  3 worms (D)
7 creatures vanquished.

Vanquished Creatures (others)
  A crocodile (D)
1 creature vanquished.

Grand Total: 8 creatures vanquished

Notes
Turn   | Place    | Note
-------+----------+-------------------------------------------
     0 | D        | Kidiri the Spriggan Enchanter began the quest for the Orb.
     0 | D        | Reached XP level 1. HP: 9/9 MP: 5/5
     1 | D        | Noticed a worker ant
     1 | D        | Noticed a worker ant
     1 | D        | Noticed a worker ant
     1 | D        | Noticed a worker ant
   114 | D        | Reached skill level 5 in Stealth
   114 | D        | Reached XP level 2. HP: 14/14 MP: 7/7
   120 | D        | Killed a crocodile
   122 | D        | Learned a level 2 spell: Ensorcelled Hibernation
   172 | D        | Reached skill level 1 in Fighting
   172 | D        | Reached skill level 1 in Armour
   172 | D        | Reached skill level 6 in Stealth
   172 | D        | Reached XP level 3. HP: 18/18 MP: 5/9
   174 | D        | Reached skill level 5 in Dodging
   179 | D        | Reached skill level 7 in Stealth
   179 | D        | Reached XP level 4. HP: 14/23 MP: 1/11
   305 | D        | Learned a level 3 spell: Confuse
   309 | D        | Learned a level 3 spell: Tukima's Dance
   313 | D        | Learned a level 3 spell: Dazzling Spray
   317 | D        | Reached skill level 5 in Spellcasting
   358 | D        | Noticed a necrophage
   358 | D        | Noticed a necrophage
   358 | D        | Noticed a necrophage
   358 | D        | Noticed a necrophage
   362 | D        | Noticed a hippogriff
   362 | D        | Noticed a hippogriff
   370 | D        | Slain by a hippogriff

Vault maps used:
D:        the_violet_keep_of_menkaure

Skill      XL: |  1  2  3  4 |
---------------+-------------+-----
Short Blades   | 2 3 4 |  4.2
Spellcasting   | 3 4 5 |  5.1
Dodging        | 4 5 6 |  6.2
Stealth        | 5 6 7 |  7.5
Fighting       | 1 |  1.9
Armour         | 1 |  1.7
Hexes          | 4 |  4.8
Conjurations   | |  0.4

Action                   |  1- 3 |  4- 6 || total
-------------------------+-------+-------++-------
Melee: Dagger            |    10 |     2 ||    12
 Cast: Ensorcelled Hiber |     2 |     3 ||     5
  Use: Potion            |     1 |       ||     1
 Stab: Sleeping          |     5 |     2 ||     7
Dodge: Dodged            |     4 |     5 ||     9
